Map: Winter's Gate LE

Players

HalfBreed

  • Race: Zerg Zerg
  • Spawn Location: 5:00

thermostaat (uThermal) - Winner!

  • Race: Terran Terran
  • Spawn Location: 11:00

Event: NationWars 2019

VOD

Have the link to the VOD?

Description

Time

  • Played on: Oct. 11, 2019, 2:05 p.m.
  • Length: 9:30

All games in this series

Show
View Real Time Build Order
Export as new Build Order

HalfBreed Zerg 

Build Orders: Hatch First 

Get SALT Encoding   

  12  0:01  Drone  
  13  0:12  Overlord  
  13  0:17  Drone  
  14  0:30  Drone x2  
  16  0:48  Hatchery  
  15  0:51  Drone  
  15  0:54  Drone  
  17  0:58  Drone  
  18  1:08  Extractor  
  17  1:14  Spawning Pool  
  17  1:16  Drone  
  17  1:20  Drone  
  18  1:29  Drone  
  19  1:39  Drone  
  20  1:50  Overlord  
  20  2:00  Queen x2  
  24  2:01  Zergling x4  
  26  2:11  Drone x2  
  28  2:22  Hatchery  
  27  2:31  Drone x2  
  27  2:36  Pneumatized Carapace  
  27  2:47  Queen  
  29  2:53  Drone x2, Overlord  
  29  2:57  Drone  
  29  2:58  Drone  
  33  3:03  Drone  
  33  3:04  Metabolic Boost  
  34  3:13  Drone  
  34  3:16  Drone x3  
  38  3:26  Queen  
  40  3:28  Overlord  
  40  3:31  Drone x2  
  40  3:33  Drone  
  43  3:36  Drone  
  43  3:38  Drone  
  45  3:43  Zergling x4  
  45  3:47  Roach Warren  
  46  3:49  Zergling x4  
  46  3:54  Zergling x2  
  49  4:01  Zergling x4  
  49  4:02  Queen  
  53  4:04  Overlord  
  53  4:06  Drone x2  
  53  4:08  Drone  
  56  4:16  Overlord  
  56  4:18  Drone  
  56  4:22  Queen  
  57  4:33  Roach x4  
  57  4:34  Drone x2  
  67  4:38  Spore Crawler, Drone  
  67  4:39  Drone x2  
  67  4:44  Drone x2  
  67  4:45  Drone x2  
  72  4:48  Drone, Overlord  
  72  4:51  Overlord  
  73  4:57  Drone  
  73  4:58  Drone  
  72  5:05  Drone x2  
  72  5:13  Drone  
  72  5:14  Drone x2  
  69  5:15  Drone  
  69  5:16  Drone, Overlord  
  70  5:22  Drone  
  70  5:23  Drone x2  
  73  5:34  Drone  
  73  5:35  Lair  
  74  5:37  Drone x3  
  74  5:38  Drone x3, Evolution Chamber  
  74  5:40  Evolution Chamber  
  74  5:41  Baneling Nest, Extractor  
  76  5:43  Extractor  
  76  5:45  Extractor  
  76  5:46  Drone  
  76  5:47  Drone x3, Extractor  
  77  5:50  Overlord  
  77  5:52  Drone  
  77  5:56  Drone x3  
  77  5:57  Drone  
  82  6:01  Drone  
  83  6:06  Drone, Overlord  
  83  6:07  Drone, Zerg Ground Armor Level 1  
  83  6:09  Overlord  
  85  6:11  Drone, Extractor  
  85  6:22  Drone x3  
  85  6:23  Zergling x12  
  94  6:28  Roach  
  94  6:29  Roach  
  94  6:31  Hatchery  
  97  6:34  Zerg Melee Weapons Level 1  
  97  6:37  Glial Reconstitution  
  97  6:40  Centrifical Hooks  
  97  6:43  Roach x3  
  97  6:45  Drone  
  97  6:46  Drone  
  105  6:52  Drone x2  
  105  6:54  Zergling x6  
  108  6:55  Overlord  
  108  6:57  Overlord  
  110  7:02  Zergling x8  
  110  7:04  Overlord x2  
  110  7:05  Overlord  
  114  7:09  Overlord x2  
  114  7:18  Overlord  
  114  7:19  Zergling x6  
  116  7:32  Roach x4  
  116  7:34  Overlord  
  116  7:35  Zergling x8  
  116  7:36  Overseer  
  120  7:51  Drone  
  120  7:52  Drone x7  
  120  7:57  Roach x3  
  134  8:05  Baneling  
  134  8:06  Baneling x11  
  134  8:07  Roach x3  
  134  8:10  Roach x4  
  134  8:11  Roach x4  
  134  8:12  Baneling x6  
  156  8:13  Baneling x5  
  156  8:16  Zergling x2  
  156  8:17  Zergling x4  
  157  8:22  Zergling x4  
  156  8:27  Ravager  
  156  8:31  Zergling x4  
  156  8:33  Ravager x2  
  156  8:34  Ravager x6  
  161  8:35  Zergling x4  
  161  8:37  Hatchery  
  161  8:40  Zergling x2  
  136  8:55  Zergling x8  
  86  8:58  Roach x4  
  86  9:02  Roach x4  
Show
View Real Time Build Order
Export as new Build Order

thermostaat Terran - Winner!

Build Orders: Liberator Opening, Reaper Expand 

Get SALT Encoding   

  12  0:01  SCV  
  13  0:13  SCV  
  14  0:17  Supply Depot  
  14  0:25  SCV  
  15  0:38  SCV  
  15  0:40  Barracks  
  16  0:43  Refinery  
  16  0:50  SCV  
  17  1:02  SCV  
  18  1:14  SCV  
  19  1:27  Orbital Command, Reaper  
  20  1:39  Command Center  
  20  1:49  Supply Depot  
  20  1:53  SCV  
  21  1:58  Marine  
  22  2:05  SCV  
  22  2:07  Factory  
  23  2:12  Refinery  
  23  2:17  SCV  
  23  2:20  Barracks Reactor  
  24  2:29  SCV  
  25  2:41  SCV  
  26  2:52  Orbital Command  
  26  2:53  Starport  
  26  2:54  SCV  
  27  3:00  Hellion x2  
  27  3:02  Barracks Tech Lab  
  31  3:06  SCV  
  32  3:13  Liberator  
  32  3:15  Supply Depot  
  32  3:18  SCV x2  
  34  3:22  Hellion x2  
  38  3:30  SCV  
  38  3:31  SCV  
  43  3:42  SCV  
  43  3:43  SCV, Hellion x2  
  43  3:48  Supply Depot  
  49  3:49  Marine  
  49  3:54  SCV  
  49  3:55  SCV  
  52  4:08  Command Center  
  52  4:10  SCV  
  52  4:11  SCV, Supply Depot  
  52  4:14  Starport Reactor  
  54  4:18  Marine  
  54  4:19  Stimpack  
  54  4:22  Factory Tech Lab, SCV  
  54  4:23  SCV  
  57  4:28  Barracks  
  56  4:35  SCV, Marine  
  56  4:38  SCV  
  59  4:41  Barracks, Siege Tank  
  62  4:47  SCV  
  62  4:50  SCV  
  64  4:53  Marine  
  64  4:58  Engineering Bay, Bunker  
  64  4:59  Engineering Bay, SCV  
  66  5:00  Starport Reactor  
  66  5:02  SCV  
  67  5:11  Marine  
  67  5:12  SCV  
  67  5:13  Siege Tank  
  65  5:16  Marine  
  65  5:17  Marine  
  65  5:19  SCV, Refinery  
  65  5:20  Refinery  
  66  5:22  Orbital Command  
  66  5:26  SCV  
  66  5:27  Terran Infantry Weapons Level 1, Terran Infantry Armor Level 1  
  67  5:29  Marine  
  67  5:34  Marine x2  
  70  5:38  Marine  
  70  5:40  Barracks, Marine  
  70  5:42  Barracks  
  72  5:44  SCV, Orbital Command  
  72  5:47  Marine  
  72  5:48  Siege Tank  
  72  5:49  SCV  
  78  5:52  Marine  
  78  5:53  Marine  
  78  5:56  Marine  
  81  5:57  SCV  
  81  5:58  Supply Depot  
  81  6:01  SCV  
  81  6:03  Supply Depot, Medivac  
  85  6:19  Supply Depot, SCV x3, Medivac, Marine x3  
  85  6:22  Supply Depot  
  85  6:24  Siege Tank, Marine x2  
  85  6:25  Combat Shield  
  98  6:31  SCV x3  
  101  6:35  Barracks Reactor x2, Supply Depot  
  101  6:41  Marine x3  
  101  6:42  Marine x2  
  101  6:43  SCV x2  
  101  6:45  Armory  
  109  6:47  SCV  
  109  6:51  Supply Depot  
  109  6:55  SCV  
  109  6:58  Supply Depot, Marine x3  
  109  7:00  Marine x2  
  115  7:01  Siege Tank  
  115  7:05  Supply Depot  
  120  7:09  Barracks  
  120  7:14  Barracks, Marine  
  121  7:16  Marine x2  
  121  7:17  Barracks  
  121  7:18  Marine x3  
  121  7:21  Marine  
  129  7:26  Marine x2  
  130  7:32  Marine  
  130  7:33  Siege Tank  
  130  7:34  Supply Depot  
  130  7:36  Supply Depot, Marine  
  131  7:37  Marine  
  131  7:41  Marine x2  
  134  7:45  Marine x2  
  134  7:47  Marine x2  
  134  7:50  Marine  
  137  7:53  Supply Depot  
  137  7:54  Supply Depot, Marine  
  137  7:55  Marine  
  139  7:59  Marine  
  139  8:03  Marine x2  
  139  8:04  Marine  
  143  8:06  Siege Tank  
  143  8:08  Marine  
  143  8:09  Supply Depot  
  143  8:11  Supply Depot  
  143  8:12  Marine  
  148  8:16  Medivac, Marine  
  148  8:18  Marine  
  150  8:22  Marine  
  150  8:23  Marine  
  150  8:26  Marine  
  151  8:29  Marine x2  
  151  8:33  Supply Depot x2, Marine x3  
  154  8:38  Siege Tank, Marine x2  
  154  8:39  Marine  
  154  8:40  Marine x2  
  154  8:41  Marine  
  158  8:53  Marine x6  
  151  8:56  Marine x3  
  151  8:57  Marine  
  151  8:58  Medivac, Marine  
  151  8:59  Marine  
  156  9:11  Marine x3  
Tags
 
Add a new tag
Caveats
  • Supply blocks, unpowered buildings, or Contaminate may cause inaccurate times.
  • Supply counts are checked every 10 seconds.